 Dungeon Crawl Stone Soup version 0.17-a0-1519-g2001520 (webtiles) character file.

284 Chiseanne the Skirmisher (level 6, -2/52 HPs)
             Began as a Minotaur Skald on July 13, 2015.
             Was an Initiate of Gozag.
             Killed by nerve-wracking pain
             ... invoked by Grinder
              (5 damage)
             ... on level 3 of the Dungeon.
             The game lasted 00:06:33 (2885 turns).

Chiseanne the Skirmisher (Minotaur Skald)           Turns: 2885, Time: 00:06:33

Health: -2/52      AC:  9    Str: 16    XL:     6   Next: 7%
Magic:  6/8        EV: 10    Int: 11    God:    Gozag
Gold:   290        SH:  0    Dex: 10    Spells: 3 memorised, 5 levels left

rFire  . . .     SeeInvis .     a - +0 hand axe
rCold  . . .     Clarity  .     k - +0 ring mail
rNeg   . . .     SustAt   .     (no shield)
rPois  .         Gourm    .     (helmet restricted)
rElec  .         Spirit   .     d - +2 cloak
rCorr  .         Warding  .     (no gloves)
rMut   .         Stasis   .     (no boots)
MR     .....                    (no amulet)
Stlth  ..........               (no ring)
                                (no ring)

@: infused, very slightly contaminated, not resistant to hostile enchantments,
extremely unstealthy
A: retaliatory headbutt, horns 2
a: Potion Petition, Call Merchant, Bribe Branch, Renounce Religion


You were on level 3 of the Dungeon.
You worshipped Gozag.
Gozag was noncommittal.
You were not hungry.

You visited 1 branch of the dungeon, and saw 3 of its levels.

You collected 324 gold pieces.
You paid 34 gold pieces to Gozag.

Inventory:

Hand weapons
 a - a +0 hand axe (weapon)
Missiles
 i - 33 arrows
 m - 2 tomahawks (quivered)
Armour
 d - a +2 cloak (worn)
 k - a +0 ring mail (worn)
Magical devices
 b - a wand of flame (20)
Scrolls
 e - 6 scrolls of enchant armour
 h - 2 scrolls of immolation
Books
 c - a book of Battle

   Spells                             Type                      Level
   a - Infusion                       Charms                       1
   b - Shroud of Golubria             Charms/Translocation         2
   c - Song of Slaying                Charms                       2
   d - Spectral Weapon                Hexes/Charms                 3
   e - Regeneration                   Charms/Necromancy            3
 n - a book of Callings

   Spells                             Type                      Level
   a - Summon Small Mammal            Summoning                    1
   b - Call Imp                       Summoning                    2
   c - Call Canine Familiar           Summoning                    3
   d - Summon Guardian Golem          Hexes/Summoning              3
   e - Summon Lightning Spire         Summoning/Air                4
   f - Summon Ice Beast               Ice/Summoning                4
Comestibles
 g - a bread ration
 l - a meat ration


   Skills:
 * Level 4.2 Fighting
 + Level 3.3 Axes
 * Level 4.0 Armour
 - Level 1.1 Dodging
 * Level 2.5 Spellcasting
 + Level 2.3 Charms


You had 5 spell levels left.
You knew the following spells:

 Your Spells              Type           Power        Failure   Level  Hunger
a - Infusion              Chrm           #.....       24%         1    ##.....
b - Song of Slaying       Chrm           #.......     34%         2    ###....
c - Shroud of Golubria    Chrm/Tloc      #.........   54%         2    ###....


Dungeon Overview and Level Annotations

Branches:
Dungeon (3/15)

Altars:
Fedhas
Gozag
Zin
The Shining One

Annotations:
D:3 Grinder


Innate Abilities, Weirdness & Mutations

You reflexively headbutt those who attack you in melee.
You have a pair of horns on your head.


Message History

* * * LOW HITPOINT WARNING * * *
You barely miss Grinder. Your headbutt misses Grinder.
Grinder is heavily wounded.
Grinder hits you but does no damage.
You barely miss Grinder.
Grinder is heavily wounded.
Grinder hits you.
* * * LOW HITPOINT WARNING * * *
You writhe in agony.
* * * LOW HITPOINT WARNING * * *
You closely miss Grinder.
Grinder is heavily wounded.
Grinder gestures at you. You resist with significant effort.
You slash Grinder!
Grinder is severely wounded.
Grinder gestures at you. Pain shoots through your body!
You die...
Your body crumbles into a pile of gold.

#.#.#...........#####'#####
#.#.#######..###..........# #.<.#
#.# #..........# #...# #.#
#..........# #...# ..
#..........# #...#
#.##..........# #...#
..#..........#
....##########.#..........#
#.#...........@5.#####'#####
#.#.############.# ##'###
......_..# #.# #....#
########.###.## #....#
#######......# #....#
#............# #....######
#............###....#....#
#.............##....#....#
########.............##....#....#


You could see Grinder.

Vanquished Creatures
  Sigmund (D:2)
  Natasha (thrice) (D:2)
  Robin (D:2)
  2 adders (D:3)
  A worm (D:3)
  A giant gecko (D:1)
  A ball python (D:2)
  18 goblins (D:2)
  7 hobgoblins
  3 jackals (D:3)
  5 kobolds
  4 bats
  A giant cockroach (D:2)
  5 giant newts
  9 rats
62 creatures vanquished.

Notes
Turn   | Place    | Note
--------------------------------------------------------------
     0 | D:1      | Chiseanne the Minotaur Skald began the quest for the Orb.
     0 | D:1      | Reached XP level 1. HP: 18/18 MP: 1/1
   190 | D:1      | Reached XP level 2. HP: 19/25 MP: 3/3
   194 | D:1      | Learned a level 2 spell: Song of Slaying
  1078 | D:2      | Noticed Robin
  1084 | D:2      | Reached skill level 3 in Fighting
  1090 | D:2      | Killed Robin
  1090 | D:2      | Reached XP level 3. HP: 22/31 MP: 4/4
  1148 | D:2      | Learned a level 2 spell: Shroud of Golubria
  1171 | D:2      | Noticed Natasha
  1179 | D:2      | Killed Natasha
  1408 | D:2      | Reached XP level 4. HP: 38/38 MP: 5/5
  1505 | D:2      | Found a glowing silver altar of Zin.
  1567 | D:2      | Found an opulent altar of Gozag.
  1574 | D:2      | Became a worshipper of Gozag Ym Sagoz the Greedy
  1659 | D:2      | Noticed Natasha
  1665 | D:2      | Killed Natasha
  1996 | D:2      | Noticed Sigmund
  2007 | D:2      | Killed Sigmund
  2007 | D:2      | Reached skill level 4 in Fighting
  2007 | D:2      | Reached XP level 5. HP: 33/46 MP: 1/7
  2017 | D:2      | Noticed Natasha
  2029 | D:2      | Killed Natasha
  2489 | D:3      | Found a blossoming altar of Fedhas.
  2503 | D:3      | Reached XP level 6. HP: 48/52 MP: 8/8
  2714 | D:3      | Found a glowing golden altar of the Shining One.
  2843 | D:3      | Noticed Grinder
  2860 | D:3      | Paralysed by Grinder for 2 turns
  2870 | D:3      | Paralysed by Grinder for 7 turns
  2885 | D:3      | Killed from afar by Grinder

Vault maps used:
D:1:      minmay_arrival_stair_chambers
D:2:      kennysheep_the_goblin_king, zin_academy, lemuel_round_altar,
          corexii_hall_statues_l, minmay_unequal, uniq_sigmund, uniq_natasha,
          uniq_robin
D:3:      overflow_temple_1_default, fedhas_altar_2, uniq_grinder

Action                   |  1- 3 |  4- 6 || total
-------------------------+-------+-------++-------
Melee: Hand axe          |    59 |    82 ||   141
 Cast: Infusion          |       |     4 ||     4
  Use: Scroll            |     5 |     3 ||     8
       Potion            |     1 |     5 ||     6
  Eat: Chunk             |     2 |       ||     2
       Bread ration      |       |     1 ||     1
